 Dungeon Crawl Stone Soup version 0.29-a0-43-g62a80824bf (webtiles) character file.

Game seed: 15939256296662756123

19 HallandMoats the Skirmisher (level 2, 0/21 HPs)
             Began as an Octopode Fighter on Feb 3, 2022.
             Slain by a worm (10 damage)
             ... on level 2 of the Dungeon.
             The game lasted 00:00:33 (537 turns).

HallandMoats the Skirmisher (Octopode Fighter)       Turns: 537, Time: 00:00:34

Health: 0/21       AC:  1    Str: 15    XL:     2   Next: 75%
Magic:  2/2        EV: 13    Int: 10    God:
Gold:   25         SH:  4    Dex: 11    Spells: 1/1 levels left

rFire   . . .      SeeInvis .   a - +0 trident
rCold   . . .      Faith    .   b - +0 buckler
rNeg    . . .      Spirit   .   (helmet restricted)
rPois   .          Reflect  .   (no amulet)
rElec   .          Harm     .   (no ring)
rCorr   .          Rampage  .   (no ring)
Will    .....                   (no ring)
Stlth   ++........              (no ring)
HPRegen 0.07/turn               (no ring)
MPRegen 0.08/turn               (no ring)
                                (no ring)
                                (no ring)

@: no status effects
A: almost no armour, amphibious, 8 rings, camouflage 1, gelatinous body 1,
(nimble swimmer 1), tentacles
a: no special abilities


You were on level 2 of the Dungeon.
You visited 1 branch of the dungeon, and saw 2 of its levels.

You collected 25 gold pieces.

Inventory:

Hand Weapons
 a - a +0 trident (weapon)
Armour
 b - a +0 buckler (worn)
Scrolls
 d - 4 scrolls of amnesia {unknown}
 e - a scroll of magic mapping {unknown}
 f - a scroll of blinking {unknown}
 h - a scroll of holy word {unknown}
Potions
 c - a potion of might
 g - a potion of cancellation {unknown}


   Skills:
 * Level 3.2 Fighting
 * Level 2.3 Polearms
 + Level 3.1 Dodging
 + Level 0.6 Stealth
 + Level 3.1 Shields
 + Level 0.2 Spellcasting
 * Level 0.8 Invocations


You had one spell level left.
You didn't know any spells.
Your spell library was empty.

Dungeon Overview and Level Annotations

Branches:
Dungeon (2/15)

Altars:


Innate Abilities, Weirdness & Mutations

You cannot wear most types of armour.
You are amphibious.
You can wear up to eight rings at the same time.
Your skin changes colour to match your surroundings (Stealth+).
Your rubbery body absorbs attacks. (AC +1, EV +1)
((You are camouflaged when in or above water. (Stealth+)))
You have tentacles for arms and can constrict up to eight enemies at once.


Message History

A goblin comes into view. It is wielding a +0 dagger.
The goblin shouts!
A goblin is nearby!
A goblin is nearby!
You reach to attack!
You hit the goblin.
You kill the goblin!
Things that are here:
a +0 dagger; a kobold corpse Done exploring.
Done exploring.
Done exploring.
Done exploring.
Done exploring.
(D) Dungeon
Where to? (? - help)
What level of the Dungeon? (default 1, ? - help)
There is a stone staircase leading down here.
You climb downwards.
There is a stone staircase leading up here.
There are monsters nearby!
The helpless adder fails to defend itself.
You hit the adder. You grab the adder.
The adder is moderately wounded.
You constrict the adder. The adder barely misses you.
You barely miss the adder.
You tentacle-slap the adder, but do no damage.
You squeeze the adder.
The adder is severely wounded.
You constrict the adder.
You kill the adder!
The worm bites you!
Ouch! That really hurt!
You are too injured to fight recklessly!
You are too injured to fight recklessly!
You are too injured to fight recklessly!
You are too injured to fight recklessly!
You puncture the worm! You grab the worm.
The worm is moderately wounded.
You constrict the worm. The worm bites you!
You die...

###
#..
#.#
#.#
#.#
#.#
#w#
#@#
#†#
..#
####


You could see a worm.

Vanquished Creatures
  An adder (D:2)
  2 endoplasms (D:1)
  2 goblins (D:1)
  A ball python (D:1)
  A bat (D:1)
  2 kobolds (D:1)
  4 rats (D:1)
13 creatures vanquished.

Notes
Turn   | Place    | Note
-------+----------+-------------------------------------------
     0 | D:1      | HallandMoats the Octopode Fighter began the quest for the
                  | Orb.
     0 | D:1      | Reached XP level 1. HP: 16/16 MP: 1/1
   321 | D:1      | Reached XP level 2. HP: 21/21 MP: 2/2
   537 | D:2      | Slain by a worm

Illustrated notes

Levels and vault maps discovered:
D:1:      dpeg_arrival_solitude, layout_basic,
          hangedman_abyss_or_decor_lesser_grid
D:2:      layout_loops_ring, basic_altar

Action                   || total
-------------------------++-------
Melee: Trident           ||    21
       Constrict         ||     3
       Tentacles         ||     3
       Punch             ||     1
 Stab: Sleeping          ||     3
Armor: Skin              ||     1
Dodge: Dodged            ||     2
Block: Buckler           ||     2

Table legend: (Time is in decaauts)
 A = Elapsed time spent in this place.
 B = Non-inter-level travel time spent in this place.
 C = Inter-level travel time spent in this place.
 D = Time resting spent in this place.
 E = Time spent auto-exploring this place.
 F = Levels seen in this place.
 G = Mean time per level.
                   A        B        C        D        E       F      G
               +--------+--------+--------+--------+--------+-----+--------+
         Total |    541 |    528 |     13 |      0 |    453 |   2 |  270.5 |
       Dungeon |    541 |    528 |     13 |      0 |    453 |   2 |  270.5 |
               +--------+--------+--------+--------+--------+-----+--------+

Top non-repeatable levels by time:
     D:1: 538 daAuts
     D:2: 3 daAuts
